 Dungeon Crawl Stone Soup version 0.31.0-12-g77e489cdc1 (webtiles) character file.

Game seed: 13950802418503727673

1047 Silvore the Chopper (level 8, 0/69 HPs)
             Began as a Minotaur Fighter on Feb 21, 2024.
             Was a Priest of Elyvilon.
             Slain by Duvessa
             ... wielding a +2 short sword of venom
              (6 damage)
             ... on level 5 of the Dungeon.
             The game lasted 00:03:34 (3241 turns).

Silvore the Chopper (Minotaur Fighter)              Turns: 3241, Time: 00:03:34

Health: 0/69       AC: 10    Str: 23    XL:     8   Next: 5%
Magic:  0/7        EV: 15    Int:  5    God:    Elyvilon [***...]
Gold:   213        SH:  5    Dex: 10    Spells: 7/7 levels left

rFire   . . .        a - +0 war axe
rCold   . . .        c - +0 buckler
rNeg    . . .        b - +0 scale mail
rPois   .            (helmet restricted)
rElec   .            e - +0 cloak
rCorr   .            q - +0 pair of gloves
SInv    .            (no boots)
Will    .....        n - amulet of guardian spirit Stlth
                     i - +5 ring of evasion
HPRegen 0.31/turn    h - ring of flight
MPRegen 0.10/turn

%: guardian spirit
@: brilliant, lethally poisoned (0 -> -18), flying
A: horns 2, retaliatory headbutt
a: Renounce Religion, Purification, Heal Other, Heal Self


You were on level 5 of the Dungeon.
You worshipped Elyvilon.
Elyvilon was most pleased with you.
You visited 1 branch of the dungeon, and saw 5 of its levels.

You collected 213 gold pieces.

Inventory:

Hand Weapons
 a - a +0 war axe (weapon)
Armour
 b - a +0 scale mail (worn)
 c - a +0 buckler (worn)
 e - a +0 cloak (worn)
 q - a +0 pair of gloves (worn)
Jewellery
 h - a ring of flight (right hand)
 i - a +5 ring of evasion (left hand)
 k - a ring of wizardry
 n - an amulet of guardian spirit (around neck)
Wands
 o - a wand of flame (25)
Scrolls
 f - 3 scrolls of fear
 g - 2 scrolls of revelation
 j - 5 scrolls of identify
 m - a scroll of teleportation
 p - 2 scrolls of poison
Potions
 l - 2 potions of mutation
 r - a potion of berserk rage


   Skills:
 + Level 5.4 Fighting
 + Level 7.4 Axes
 + Level 6.8 Armour
 + Level 2.7 Dodging
 + Level 1.0 Stealth
 + Level 5.0 Shields


You had 7 spell levels left.
You didn't know any spells.
Your spell library contained the following spells:

 Spells                   Type           Power      Damage    Failure   Level
 Slow                     Hex            0%         N/A       83%         1
 Confusing Touch          Hex            0%         N/A       99%         3
 Gell's Gravitas          Tloc           0%         N/A       99%         3
 Hailstorm                Conj/Ice       0%         3d5       99%         3
 Sigil of Binding         Hex            0%         N/A       99%         3
 Stone Arrow              Conj/Erth      0%         3d7       99%         3
 Summon Ice Beast         Ice/Summ       0%         N/A       99%         3
 Teleport Other           Tloc           0%         N/A       99%         3
 Tukima's Dance           Hex            0%         N/A       99%         3
 Vampiric Draining        Necr           0%         2d6       99%         3
 Animate Armour           Summ/Erth      0%         N/A       100%        4
 Dimensional Bullseye     Hex/Tloc       0%         N/A       100%        4
 Iskenderun's Mystic Bla  Conj/Tloc      0%         2d3       100%        4
 Dispersal                Tloc           0%         N/A       100%        6
 Sculpt Simulacrum        Ice/Alch       0%         N/A       100%        6
 Lehudib's Crystal Spear  Conj/Erth      0%         10d2      100%        8


Dungeon Overview and Level Annotations

Branches:
Dungeon (5/15)
 Temple: D:4-7

Altars:
Elyvilon

Annotations:
D:5 Duvessa


Innate Abilities, Weirdness & Mutations

You have a pair of horns on your head.
You reflexively headbutt those who attack you in melee.


Message History

The scorpion poisons you!
You barely miss the scorpion.
The scorpion is severely wounded.
You hit Duvessa.
* * * LOW HITPOINT WARNING * * *
You feel extremely sick. You block Duvessa's attack.
The scorpion stings you but does no damage.
Duvessa hits you with a +2 short sword of venom.
* * * LOW HITPOINT WARNING * * *
You are more poisoned.
It was a potion of brilliance.
You feel clever all of a sudden.
* * * LOW HITPOINT WARNING * * *
You feel extremely sick. The scorpion misses you.
Duvessa hits you with a +2 short sword of venom.
* * * LOW HITPOINT WARNING * * *
The scorpion barely misses you.
You hit the scorpion.
The scorpion is almost dead.
You hit Duvessa. Elyvilon protects you from harm! Duvessa closely misses you.
Duvessa completely misses you. You block the scorpion's attack.
Unknown command.
You closely miss the scorpion.
The scorpion is almost dead.
You hit Duvessa but do no damage. Elyvilon protects you from harm!
Duvessa hits you but does no damage.
You are more poisoned.
The scorpion stings you but does no damage.
You block Duvessa's attack.
You hit the scorpion.
You kill the scorpion!
You closely miss Duvessa. Elyvilon protects you from harm!
Duvessa hits you with a +2 short sword of venom!
You die...

####...###.###..#
#.....#..†#...##..#
##....#...#...#...# .
#...###..#...#.. ..
##..#...#..###.. .#
#...#...#...#...# ..#
###†..#...##..#. .#..
>..###.###..#..###.###..
.#.....[....#..e@)...^..
#.###.###..#..###.###..
##...#...##..#...#..
#...#...#...#...# ..#
##..#...#..###..# .#
#...###..#...#e.# ..
#....#...#...#...# .
#....#...#...# ..#
##.#..###.###..#.§


You could see Duvessa (berserk).

Vanquished Creatures
  Pikel (D:4)
  An ogre (D:4)
  3 scorpions (D:5)
  Dowan (D:5)
  A hound (D:5)
  2 jellies (D:5)
  Crazy Yiuf (D:3)
  Natasha (thrice) (D:3)
  6 adders
  A ribbon worm (D:2)
  3 dart slugs
  2 orcs (D:3)
  6 bats
  5 endoplasms
  2 giant cockroaches (D:2)
  7 goblins
  2 hobgoblins (D:2)
  5 jackals
  7 kobolds
  4 quokkas
  A ball python (D:1)
  4 frilled lizards
  5 rats
73 creatures vanquished.

Notes
Turn   | Place    | Note
-------+----------+-------------------------------------------
     0 | D:1      | Silvore the Minotaur Fighter began the quest for the Orb.
     0 | D:1      | Reached XP level 1. HP: 19/19 MP: 0/0
   215 | D:1      | Reached XP level 2. HP: 27/27 MP: 1/1
   307 | D:1      | Found a faded altar of an unknown god.
   314 | D:1      | Prayed at the altar of an unknown god.
   314 | D:1      | Became a worshipper of Elyvilon the Healer
   314 | D:1      | Reached * piety under Elyvilon
   924 | D:2      | Reached skill level 3 in Axes
  1000 | D:2      | Reached ** piety under Elyvilon
  1005 | D:2      | Reached XP level 3. HP: 33/33 MP: 2/2
  1447 | D:2      | Reached XP level 4. HP: 40/40 MP: 3/3
  1566 | D:3      | Noticed Natasha
  1570 | D:3      | Killed Natasha
  1571 | D:3      | Reached skill level 4 in Axes
  1756 | D:3      | Found a runed translucent door.
  1757 | D:3      | Noticed Crazy Yiuf
  1763 | D:3      | Killed Crazy Yiuf
  1764 | D:3      | Reached XP level 5. HP: 31/47 MP: 4/4
  1986 | D:3      | Noticed Natasha
  1997 | D:3      | Killed Natasha
  1998 | D:3      | Reached skill level 1 in Dodging
  2029 | D:3      | Noticed Natasha
  2037 | D:3      | Killed Natasha
  2038 | D:3      | Reached skill level 5 in Axes
  2206 | D:4      | Reached *** piety under Elyvilon
  2330 | D:4      | Noticed an ogre
  2339 | D:4      | Killed an ogre
  2340 | D:4      | Reached XP level 6. HP: 36/53 MP: 2/5
  2581 | D:4      | Noticed Pikel
  2613 | D:4      | Killed Pikel
  2614 | D:4      | Reached skill level 5 in Fighting
  2614 | D:4      | Reached skill level 6 in Axes
  2614 | D:4      | Reached XP level 7. HP: 12/61 MP: 1/6
  3050 | D:5      | Entered Level 5 of the Dungeon
  3119 | D:5      | Reached skill level 7 in Axes
  3119 | D:5      | Reached skill level 1 in Stealth
  3151 | D:5      | Reached skill level 5 in Shields
  3226 | D:5      | Noticed Duvessa
  3226 | D:5      | Noticed Dowan
  3230 | D:5      | Reached XP level 8. HP: 69/69 MP: 7/7
  3233 | D:5      | Killed Dowan
  3239 | D:5      | Elyvilon protects you from harm!
  3240 | D:5      | Elyvilon protects you from harm!
  3241 | D:5      | Elyvilon protects you from harm!
  3241 | D:5      | Slain by Duvessa

Illustrated notes

Levels and vault maps discovered:
D:1:      dpeg_arrival_line_fractal, layout_basic,
          shapermc_ecumenical_altar_acropolis
D:2:      layout_loops_ring, minmay_split_cup_large
D:3:      layout_rooms, uniq_natasha, uniq_crazy_yiuf_cottage
D:4:      layout_loops_ring, uniq_pikel
D:5:      layout_basic, nemelex_dance_club_becter, lemuel_round_altar,
          pdpol_temple_overflow_zin_treasury_gozag_greed,
          minmay_temple_entry_overgrown, nicolae_titane, uniq_duvessa

Skill      XL: |  1  2  3  4  5  6  7 |
---------------+----------------------+-----
Shields        | 4 5 |  5.0
Fighting       | 4 5 |  5.4
Axes           | 3 4 5 6 7 |  7.4
Armour         | 4 6 |  6.8
Dodging        | 1 2 |  2.7
Stealth        | 1 |  1.0

Action                     |  1- 3 |  4- 6 |  7- 9 || total
---------------------------+-------+-------+-------++-------
  Melee: War axe           |    56 |    91 |    30 ||   177
         Headbutt          |     6 |    16 |     5 ||    27
    Use: Scroll            |     2 |     2 |     2 ||     6
         Potion            |       |     1 |     1 ||     2
 Armour: Scale mail        |    36 |    61 |    23 ||   120
  Dodge: Dodged            |    33 |    65 |    18 ||   116
  Block: Buckler           |    15 |    16 |     7 ||    38
